 Dungeon Sprint DCSS version 0.29-a0-337-g68df138881 (webtiles) character file.

Game seed: 14091932700006171417

27230 mhtbhm the Shatterer (level 13, -3/211 HPs)
             Began as a Red Draconian Berserker on Apr 17, 2022.
             Was the Champion of Trog.
             Shot with an arrow by Nessos (13 damage)
             ... in the Dungeon (Sprint IX: "|||||||||||||||||||||||||||||").
             The game lasted 00:06:15 (4434 turns).

mhtbhm the Shatterer (Red Draconian Berserker)      Turns: 4434, Time: 00:06:16

Health: -3/211     AC: 10    Str: 26    XL:     13   Next: 3%
Magic:  13/13      EV: 22    Int:  7    God:    Trog [******]
Gold:   562        SH:  0    Dex: 17    Spells: 12/12 levels left

rFire   + . .      SeeInvis .   a - +8 dire flail of Ytudum {vorpal, Dex+4}
rCold   . . .      Faith    .   (shield currently unavailable)
rNeg    . . .      Spirit   .   (body armour unavailable)
rPois   +          Reflect  .   (helmet restricted)
rElec   .          Harm     .   p - +0 cloak
rCorr   .          Rampage  .   l - +0 pair of gloves
Will    .....      NoTele   +   (no boots)
Stlth   ..........              (no amulet)
HPRegen 0.45/turn               j - +3 ring of strength
MPRegen 0.13/turn               r - ring of poison resistance

@: berserking, very quick
A: breathe fire, AC +8, unfitting armour, fire resistance 1, cold-blooded
a: Breathe Fire, Renounce Religion, Berserk, Trog's Hand, Brothers in Arms


You were in the Dungeon.
You worshipped Trog.
Trog was exalted by your worship.
You visited 1 branch You collected 1927 gold pieces.
You spent 1365 gold pieces at shops.

Inventory:

Hand Weapons
 a - the +8 dire flail of Ytudum (weapon) {vorpal, Dex+4}
   (Trog gifted it to you in the Dungeon)

   It inflicts extra damage upon your enemies.
   Dex:       It affects your dexterity (+4).
Missiles
 u - 5 javelins (quivered)
Armour
 l - a +0 pair of gloves (worn)
 p - a +0 cloak (worn)
 x - a +1 tower shield
Jewellery
 j - a +3 ring of strength (left hand)
 k - a +3 ring of strength
 q - a +4 ring of evasion
 r - a ring of poison resistance (right hand)
 s - a ring of resist corrosion
 t - a ring of see invisible
 v - a ring of ice
 w - a ring of protection from fire
Wands
 i - a wand of iceblast (6)
Scrolls
 m - 6 scrolls of enchant armour
 n - 6 scrolls of enchant weapon
 o - 5 scrolls of identify
Potions
 b - 10 potions of curing
 c - 2 potions of heal wounds
 d - 4 potions of haste
 e - 4 potions of magic
 f - a potion of berserk rage
 h - a potion of invisibility


   Skills:
 + Level 20.6 Fighting
 + Level 22.8 Maces & Flails
 + Level 15.7 Dodging
 + Level 5.5 Stealth
 + Level 3.3 Evocations


You had 12 spell levels left.
You didn't know any spells.
Your spell library was empty.

Dungeon Overview and Level Annotations

Branches:
Dungeon (1/1)

Altars:
Cheibriados
Dithmenos
Elyvilon
Fedhas
Gozag
Hepliaklqana
Kikubaaqudgha
Makhleb
Nemelex Xobeh
Okawaru
Qazlal
Ru
Sif Muna
Trog
Uskayaw
Vehumet
Wu Jian
Xom
Yredelemnul
Zin
The Shining One
Beogh
Jiyva
Lugonu

Shops:
D (=*:

Annotations:
D Nessos


Innate Abilities, Weirdness & Mutations

You can breathe blasts of fire.
Your fiery red scales are hard. (AC +8)
You cannot fit into any form of body armour.
Your flesh is heat resistant. (rF+)
You are cold-blooded and may be slowed by cold attacks.


Message History

You feel sick.
Nessos gestures wildly while chanting.
Nessos blinks!
Donald completely misses you. Donald blocks your attack.
You tail-slap Donald, but do no damage.
You feel sick.
Donald gestures wildly while chanting.
Donald seems to grow stronger.
Donald blocks your attack.
Nessos gestures wildly while chanting.
Nessos blinks!
Donald completely misses you. Donald blocks your attack.
You tail-slap Donald, but do no damage.
You feel sick.
Donald hits you with a +0 long sword of holy wrath!
Unknown command.
A red film seems to cover your vision as you go berserk!
You feel yourself moving faster!
You feel mighty!
You feel sick.
You are no longer poisoned.
Donald hits you with a +0 long sword of holy wrath.
Donald blocks your attack.
Nessos gestures wildly while chanting.
Nessos blinks!
Donald barely misses you.
You bludgeon Donald!!
Donald is moderately wounded.
Donald hits you with a +0 long sword of holy wrath!!
* * * LOW HITPOINT WARNING * * *
Donald blocks your attack.
You tail-slap Donald.
Donald is moderately wounded.
You perforate Donald like a sieve!!! Donald blocks your attack.
Donald is almost dead.
Nessos intently looks at you, slowly moving their tail.
Donald hits you with a +0 long sword of holy wrath!!!
* * * LOW HITPOINT WARNING * * *
Donald blocks your attack.
Donald is almost dead.
You sock Donald! You tail-slap Donald.
You kill Donald!
Trog accepts your kill.
Trog appreciates your killing of a magic user.
Nessos shoots an arrow.
The arrow hits you!
You die...

.................................
▓▓▓▓▓▓▓▓▓▓▓▓▓▓▓▓▓▓▓▓▓▓▓▓▓▓▓▓▓▓▓▓▓
....))...)..))))))))....)).))))))
▓▓▓▓▓▓▓▓▓▓▓▓▓▓▓▓▓▓▓▓▓▓▓▓▓▓▓▓▓▓▓▓▓
))...............................
▓▓▓▓▓▓▓▓▓▓▓▓▓▓▓▓▓▓▓▓▓▓▓▓▓▓▓▓▓▓▓▓▓
)).')()..[..).[[[[[[[..)))))))).=
▓▓▓▓▓▓▓▓▓▓▓▓▓▓▓▓▓▓▓▓▓▓▓▓▓▓▓▓▓▓▓▓▓
................@)..c...
▓▓▓▓▓▓▓▓▓▓▓▓▓▓▓▓▓▓▓▓▓♣♣♣


You could see Nessos.

Vanquished Creatures
  Saint Roka (D)
  Donald (D)
  A stone giant (D)
  An ettin (D)
  An ice dragon (D)
  2 centaur warriors (D)
  A tengu warrior (D)
  8 orc high priests (D)
  Urug (D)
  A necromancer (D)
  7 orc knights (D)
  2 ugly things (D)
  A cyclops (D)
  8 elephants (D)
  A black mamba (D)
  3 cane toads (D)
  2 komodo dragons (D)
  2 unseen horrors (D)
  A rime drake (D)
  A meliai (D)
  A basilisk (D)
  3 yaks (D)
  A wraith (D)
  A shadow (D)
  A vampire mosquito (D)
  A warg (D)
  A water moccasin (D)
  10 orc warriors (D)
  A black bear (D)
  3 centaurs (D)
  A phantom (D)
  4 bullfrogs (D)
  4 orc priests (D)
  6 orc wizards (D)
  A hell rat (D)
  2 adders (D)
  11 orcs (D)
  An endoplasm (D)
  A goblin (D)
  A hobgoblin (D)
  2 rats (D)
103 creatures vanquished.

Vanquished Creatures (collateral kills)
  A boulder beetle (D)
  A centaur warrior (D)
  2 deep troll earth magi (D)
  A tengu warrior (D)
  An orc knight (D)
  An unseen horror (shapeshifter) (D)
7 creatures vanquished.

Grand Total: 110 creatures vanquished

Notes
Turn   | Place    | Note
-------+----------+-------------------------------------------
     0 | D        | mhtbhm the Draconian Berserker began the quest for the Orb.
     0 | D        | Reached XP level 1. HP: 19/19 MP: 1/1
    13 | D        | Reached ** piety under Trog
    30 | D        | Banished a spatial maelstrom
   103 | D        | Noticed a phantom
   103 | D        | Noticed an orc wizard
   110 | D        | Reached skill level 4 in Maces & Flails
   110 | D        | Reached XP level 2. HP: 28/28 MP: 2/2
   115 | D        | Reached *** piety under Trog
   116 | D        | Reached skill level 5 in Fighting
   116 | D        | Reached skill level 5 in Maces & Flails
   116 | D        | Reached XP level 3. HP: 36/36 MP: 3/3
   134 | D        | Killed a phantom
   135 | D        | Reached skill level 6 in Maces & Flails
   135 | D        | Reached skill level 5 in Dodging
   135 | D        | Reached XP level 4. HP: 24/45 MP: 4/4
   141 | D        | Found a snail-covered altar of Cheibriados.
   141 | D        | Found a shadowy altar of Dithmenos.
   141 | D        | Found a white marble altar of Elyvilon.
   141 | D        | Found a blossoming altar of Fedhas.
   141 | D        | Found an opulent altar of Gozag.
   142 | D        | Found a hazy altar of Hepliaklqana.
   143 | D        | Found a viscous altar of Jiyva.
   144 | D        | Found an ancient bone altar of Kikubaaqudgha.
   145 | D        | Found a corrupted altar of Lugonu.
   146 | D        | Found a burning altar of Makhleb.
   147 | D        | Found a sparkling altar of Nemelex Xobeh.
   148 | D        | Found an iron altar of Okawaru.
   149 | D        | Found a stormy altar of Qazlal.
   150 | D        | Found a sacrificial altar of Ru.
   151 | D        | Found a shimmering blue altar of Sif Muna.
   152 | D        | Found a bloodstained altar of Trog.
   153 | D        | Found a hide-covered altar of Uskayaw.
   154 | D        | Found a radiant altar of Vehumet.
   155 | D        | Found an ornate altar of the Wu Jian Council.
   156 | D        | Found a shimmering altar of Xom.
   157 | D        | Found a basalt altar of Yredelemnul.
   158 | D        | Found a glowing silver altar of Zin.
   159 | D        | Found a glowing golden altar of the Shining One.
   305 | D        | Noticed a centaur
   305 | D        | Noticed a centaur
   305 | D        | Noticed a centaur
   305 | D        | Noticed a shadow
   309 | D        | Killed a shadow
   309 | D        | Reached **** piety under Trog
   310 | D        | Reached skill level 8 in Maces & Flails
   310 | D        | Reached XP level 5. HP: 53/53 MP: 5/5
   310 | D        | Reached XP level 6. HP: 61/61 MP: 6/6
   315 | D        | Reached skill level 9 in Maces & Flails
   318 | D        | Reached skill level 10 in Maces & Flails
   321 | D        | Reached ***** piety under Trog
   322 | D        | Your scales start taking on a fiery red colour.
   322 | D        | Reached XP level 7. HP: 70/70 MP: 7/7
   322 | D        | Gained mutation: Your flesh is heat resistant. (rF+) [Red
                  | Draconian growth]
   331 | D        | Killed an unseen horror
   332 | D        | Reached skill level 11 in Maces & Flails
   518 | D        | Noticed a centaur warrior
   518 | D        | Noticed a white ugly thing
   518 | D        | Noticed a vampire mosquito
   518 | D        | Noticed a wraith
   518 | D        | Noticed a centaur warrior
   523 | D        | Killed a centaur warrior
   524 | D        | Reached skill level 10 in Fighting
   524 | D        | Reached skill level 12 in Maces & Flails
   524 | D        | Reached skill level 10 in Dodging
   524 | D        | Reached XP level 8. HP: 81/81 MP: 8/8
   527 | D        | Reached skill level 13 in Maces & Flails
   527 | D        | Reached skill level 1 in Stealth
   530 | D        | Killed an unseen horror
   536 | D        | HP: 5/123 [white ugly thing (31)]
   537 | D        | Killed a white ugly thing
   537 | D        | Received a gift from Trog
   538 | D        | Reached skill level 14 in Maces & Flails
   538 | D        | Reached XP level 9. HP: 5/90 MP: 9/9
   552 | D        | Killed a centaur warrior
   553 | D        | Reached skill level 15 in Maces & Flails
   973 | D        | Noticed a cane toad
   973 | D        | Noticed a cane toad
   980 | D        | Killed a cane toad
   988 | D        | Killed a cane toad
   993 | D        | Reached ****** piety under Trog
   993 | D        | Received a gift from Trog
   994 | D        | Reached skill level 16 in Maces & Flails
   994 | D        | Reached XP level 10. HP: 101/101 MP: 10/10
  1036 | D        | Noticed a cane toad
  1044 | D        | Noticed a black mamba
  1066 | D        | Received a gift from Trog
  1079 | D        | Killed a cane toad
  1080 | D        | Reached skill level 17 in Maces & Flails
  1082 | D        | Killed a black mamba
  1246 | D        | Noticed an elephant
  1246 | D        | Noticed an elephant
  1246 | D        | Noticed an elephant
  1246 | D        | Noticed an elephant
  1246 | D        | Noticed an elephant
  1246 | D        | Noticed an elephant
  1247 | D        | Noticed an elephant
  1252 | D        | Killed an elephant
  1255 | D        | Killed an elephant
  1259 | D        | Killed an elephant
  1263 | D        | Killed an elephant
  1265 | D        | Killed an elephant
  1266 | D        | Reached skill level 18 in Maces & Flails
  1269 | D        | Killed an elephant
  1270 | D        | Reached skill level 15 in Fighting
  1270 | D        | Reached XP level 11. HP: 112/112 MP: 11/11
  1553 | D        | Noticed an orc knight
  1555 | D        | Noticed an orc knight
  1561 | D        | Received a gift from Trog
  1566 | D        | Killed an orc knight
  1572 | D        | Killed an orc knight
  1581 | D        | Received a gift from Trog
  1759 | D        | Received a gift from Trog
  1760 | D        | Reached skill level 19 in Maces & Flails
  1780 | D        | Received a gift from Trog
  2063 | D        | Found Mudghasus's Book Boutique.
  2063 | D        | Noticed an orc high priest
  2063 | D        | Noticed an orc knight
  2063 | D        | Noticed an orc high priest
  2063 | D        | Noticed an orc high priest
  2063 | D        | Noticed an orc knight
  2064 | D        | Noticed an orc high priest
  2067 | D        | Noticed a sixfirhy
  2070 | D        | Killed an orc knight
  2076 | D        | Noticed an orc high priest
  2080 | D        | Killed an orc high priest
  2081 | D        | Noticed a sun demon
  2084 | D        | Killed an orc high priest
  2096 | D        | Killed an orc knight
  2096 | D        | Identified the +8 dire flail of Ytudum {vorpal, Dex+4}
                  | (Trog gifted it to you in the Dungeon)
  2096 | D        | Received a gift from Trog
  2097 | D        | Reached skill level 20 in Maces & Flails
  2491 | D        | Noticed a soul eater
  2492 | D        | Killed an orc high priest
  2493 | D        | Reached skill level 1 in Evocations
  2512 | D        | Killed an orc high priest
  2516 | D        | Noticed a sun demon
  2516 | D        | Noticed a soul eater
  2530 | D        | Killed an orc high priest
  2803 | D        | Noticed an orc knight
  2819 | D        | Killed an orc knight
  2955 | D        | Found Sacemm's General Store.
  2959 | D        | Found Biqekor's Jewellery Boutique.
  3080 | D        | Found Peynak's Weapon Shop.
  3082 | D        | Noticed an orc knight
  3083 | D        | Noticed an orc high priest
  3084 | D        | Noticed an orc knight
  3085 | D        | Noticed an orc high priest
  3086 | D        | Noticed an orc high priest
  3092 | D        | Killed an orc knight
  3094 | D        | Killed an orc high priest
  3095 | D        | Reached XP level 12. HP: 125/125 MP: 12/12
  3098 | D        | Reached skill level 21 in Maces & Flails
  3100 | D        | Killed an orc high priest
  3113 | D        | Killed an orc high priest
  3133 | D        | Bought a potion of haste for 130 gold pieces
  3139 | D        | Bought a +4 ring of evasion for 468 gold pieces
  3139 | D        | Bought a ring of poison resistance for 260 gold pieces
  3139 | D        | Bought a ring of resist corrosion for 260 gold pieces
  3139 | D        | Bought a ring of see invisible for 195 gold pieces
  3145 | D        | Bought a scroll of identify for 26 gold pieces
  3145 | D        | Bought a scroll of identify for 26 gold pieces
  3184 | D        | Noticed Urug
  3195 | D        | Killed Urug
  3195 | D        | Received a gift from Trog
  3265 | D        | Found the +5 sword of Power {vorpal}
  3442 | D        | Noticed a boulder beetle
  3442 | D        | Noticed a tengu warrior
  3443 | D        | Noticed a centaur warrior
  3454 | D        | Noticed a deep troll earth mage
  3462 | D        | Noticed a tengu warrior
  3462 | D        | Noticed a deep troll earth mage
  3467 | D        | Killed a tengu warrior
  3474 | D        | Killed a boulder beetle
  3475 | D        | Reached skill level 15 in Dodging
  3476 | D        | Killed a centaur warrior
  3476 | D        | Received a gift from Trog
  3480 | D        | Killed a deep troll earth mage
  3481 | D        | Reached skill level 22 in Maces & Flails
  3481 | D        | Reached skill level 5 in Stealth
  3491 | D        | HP: 4/130 [tengu warrior/+0 battleaxe (23)]
  3491 | D        | HP: 1/130 [tengu warrior/+0 battleaxe (3)]
  3499 | D        | Killed a tengu warrior
  3500 | D        | Killed a deep troll earth mage
  3500 | D        | Received a gift from Trog
  3730 | D        | Noticed a stone giant
  3740 | D        | Killed a stone giant
  3741 | D        | Noticed an ice dragon
  4035 | D        | Killed an ice dragon
  4038 | D        | Noticed an ettin
  4047 | D        | Killed an ettin
  4192 | D        | Noticed Saint Roka
  4195 | D        | Received a gift from Trog
  4215 | D        | Killed Saint Roka
  4216 | D        | Reached XP level 13. HP: 62/140 MP: 13/13
  4414 | D        | Noticed Nessos
  4420 | D        | Noticed Donald
  4432 | D        | HP: 9/211 [Donald/+0 long sword of holy wrath (38)]
  4434 | D        | Killed Donald
  4434 | D        | Shot with an arrow by Nessos

Illustrated notes

Levels and vault maps discovered:
D:        linesprint [early_d, line_temple, items_1, d_10, items_2, lair_1,
          lair_end, items_3, orc_1, orc_end, items_4, d_15, swamp_1, shoals_1,
          snake_1, spider_1, d_20, vaults_1, items_5, swamp_end, shoals_end,
          snake_end, spider_end, vaults_end, d_27, items_6, zot_1, zot_end,
          crypt_end, forest_end, elf_end, slime_end, tomb_end, abyss_end,
          pan_hell_end]

Skill      XL: |  1  2  3  4  5  6  7  8  9 10 11 12 |
---------------+-------------------------------------+-----
Dodging        | 3 4 5 6 8 10 11 13 14 15 | 15.7
Fighting       | 4 5 6 7 9 10 11 13 15 17 20 | 20.6
Maces & Flails | 4 5 6 8 10 12 14 16 18 20 22 | 22.8
Stealth        | 1 2 3 4 5 |  5.5
Evocations     | 1 3 |  3.3

Action                   |  1- 3 |  4- 6 |  7- 9 | 10-12 | 13-15 || total
-------------------------+-------+-------+-------+-------+-------++-------
Melee: Mace              |    44 |       |       |       |       ||    44
       Tailslap          |     2 |     1 |     9 |    45 |     4 ||    61
       Morningstar       |       |    12 |    47 |    41 |       ||   100
       Punch             |       |       |     1 |       |       ||     1
       Great mace        |       |       |       |   135 |       ||   135
       Dire flail        |       |       |       |    93 |    13 ||   106
Invok: Berserk           |     1 |     1 |     2 |     9 |     1 ||    14
       Brothers in Arms  |       |       |       |     4 |       ||     4
 Abil: Breathe Fire      |       |       |     2 |     5 |       ||     7
Evoke: Wand              |       |       |     1 |     3 |       ||     4
  Use: Potion            |       |       |     1 |     4 |       ||     5
       Scroll            |       |       |       |     4 |       ||     4
Armor: Skin              |    10 |     6 |    25 |    39 |       ||    80
Dodge: Dodged            |    29 |    10 |    30 |   113 |     6 ||   188

Table legend: (Time is in decaauts)
 A = Elapsed time spent in this place.
 B = Non-inter-level travel time spent in this place.
 C = Inter-level travel time spent in this place.
 D = Time resting spent in this place.
 E = Time spent auto-exploring this place.
 F = Levels seen in this place.
 G = Mean time per level.
                   A        B        C        D        E       F      G
               +--------+--------+--------+--------+--------+-----+--------+
         Total |   4429 |   4429 |      0 |   2605 |    535 |   1 | 4429.0 |
       Dungeon |   4429 |   4429 |      0 |   2605 |    535 |   1 | 4429.0 |
               +--------+--------+--------+--------+--------+-----+--------+

Top non-repeatable levels by time:
       D: 4429 daAuts
